 Dungeon Crawl Stone Soup version 0.24.0-13-gcf9b319 (webtiles) character file.

Game seed: 4980917159663528384, levelgen mode: deterministic

467 0gre the Cudgeler (level 6, 0/48 HPs)
             Began as a Demonspawn Berserker on Feb 27, 2020.
             Was a Priest of Trog.
             Slain by Duvessa
             ... wielding a +0 short sword of holy wrath
              (8 damage)
             ... on level 4 of the Dungeon on Feb 28, 2020.
             The game lasted 00:14:52 (2261 turns).

0gre the Cudgeler (Demonspawn Berserker)            Turns: 2261, Time: 00:14:53

Health: 0/48       AC: 11    Str: 17 (19) XL:     6   Next: 81%
Magic:  6/6        EV: 11    Int:  7 (8)  God:    Trog [***...]
Gold:   155        SH:  0    Dex: 12 (13) Spells: 5/5 levels left

rFire    . . .     SeeInvis .   a - +0 flail
rCold    . . .     Gourm    .   (no shield)
rNeg     . . .     Faith    .   f - +1 ring mail
rPois    .         Spirit   .   (helmet restricted)
rElec    .         Reflect  .   A - +0 cloak
rCorr    .         Harm     .   (no gloves)
MR       .....                  g - +0 pair of boots
Stlth    +.........             (no amulet)
HPRegen  0.16/turn              (no ring)
MPRegen  0.10/turn              (no ring)

@: berserk cooldown, very slightly contaminated, slowed, very slow
A: antennae 1, icy blue scales 1, spiny 1
a: Berserk, Trog's Hand, Renounce Religion


You were on level 4 of the Dungeon.
You worshipped Trog.
Trog was most pleased with you.
You were not hungry.

You visited 1 branch of the dungeon, and saw 4 of its levels.

You collected 155 gold pieces.

Inventory:

Hand Weapons
 a - a +0 flail (weapon)
 b - a +0 fustibalus
 c - a +4 short sword
Missiles
 d - 35 poisoned darts
 i - 74 arrows
 l - 4 javelins
 m - 11 sling bullets
 o - 185 stones
 r - 5 boomerangs (quivered)
 v - 32 bolts
Armour
 f - a +1 ring mail (worn)
 g - a +0 pair of boots (worn)
 A - a +0 cloak (worn)
Wands
 z - a wand of random effects (18)
Scrolls
 k - a scroll of immolation
 n - 3 scrolls of magic mapping
 t - 2 scrolls of remove curse
 w - a scroll of fear
 y - a scroll of teleportation {unknown}
Potions
 e - a potion of brilliance {unknown}
 j - a potion of degeneration
 p - a potion of berserk rage {unknown}
 q - 2 potions of mutation {unknown}
 x - a potion of lignification {unknown}
 B - a potion of might {unknown}
Comestibles
 h - 2 chunks of flesh
 u - 7 rations


   Skills:
 + Level 3.7 Fighting
 + Level 1.3 Short Blades
 + Level 4.0 Maces & Flails
 + Level 3.1(3.3) Slings
 + Level 1.4(2.5) Throwing
 + Level 3.2 Armour
 + Level 2.3 Dodging
 + Level 0.1 Stealth


You had 5 spell levels left.
You didn't know any spells.
Your spell library contained the following spells:

 Spells                   Type           Power        Failure   Level  Hunger
 Corona                   Hex            #......      63%         1    ##.....
 Ensorcelled Hibernation  Hex/Ice        #.....       77%         2    ###....
 Confuse                  Hex            #.......     94%         3    ####...
 Dazzling Spray           Conj/Hex       #.....       94%         3    ####...
 Tukima's Dance           Hex            #.......     94%         3    ####...


Dungeon Overview and Level Annotations

Branches:
Dungeon (4/15)
 Temple: D:4-7

Altars:
Vehumet

Annotations:
D:4 Duvessa


Innate Abilities, Weirdness & Mutations

You have a pair of small antennae on your head.
You are partially covered in icy blue scales. (AC +2)
You are partially covered in sharp spines.


Message History

Duvessa hits you with a +0 short sword of holy wrath!
You convulse!
You hit Duvessa but do no damage.
Duvessa is lightly wounded.
Duvessa hits you with a +0 short sword of holy wrath.
You convulse.
Duvessa closely misses you. Duvessa is struck by your spines.
Duvessa hits you with a +0 short sword of holy wrath!
* * * LOW HITPOINT WARNING * * *
You convulse.
* * * LOW HITPOINT WARNING * * *
Blink to where?
Press: ? - help, Dir - move target cursor You are very lightly contaminated with residual magic.
As you read the scroll of blinking, it crumbles to dust.
Duvessa rages.
It was a potion of degeneration.
There was something very wrong with that liquid.
You feel weakened.
You feel dopey.
You feel clumsy.
Duvessa hits you with a +0 short sword of holy wrath!
You die...

..........# #.# #. .(........#
####.# ## #. ...l......# #.....
..# #. ..........# #.##.# #.# ##.
.########.# #.##.# #.# #.. #.#
#.##.# #.###.. #####)####
#.##.###.##...
#ยง.......#######.#...##.#....
....'..........e@...........'....
....#.##...#.#######........#....
...##.###....# #.##.##.###... ..#
#.# ####.# #.##.##.# ##.. .# #.#
#.# #.##.##.# ##. # #.# #.#
#....##.# ## #.. ..# #..####.## #
#.# #.. ... . # #.# ..# #.##


You could see Duvessa (berserk).

Vanquished Creatures
  Sigmund (D:3)
  A centaur (D:3)
  Dowan (D:4)
  A centaur skeleton (D:4)
  Crazy Yiuf (D:3)
  2 adders
  2 oozes
  2 worms (D:4)
  A dart slug (D:1)
  4 leopard geckos
  6 orcs (D:3)
  2 giant cockroaches (D:1)
  8 goblins
  8 hobgoblins
  4 jackals
  3 quokkas
  6 bats
  5 frilled lizards
  13 kobolds
  9 rats
  A fungus (D:3)
81 creatures vanquished.

Notes
Turn   | Place    | Note
-------+----------+-------------------------------------------
     0 | D:1      | 0gre the Demonspawn Berserker began the quest for the Orb.
     0 | D:1      | Reached XP level 1. HP: 18/18 MP: 1/1
    82 | D:1      | Gained mutation: You have a pair of small antennae on your
                  | head. [demonic ancestry]
    82 | D:1      | Reached XP level 2. HP: 18/24 MP: 2/2
    86 | D:1      | Reached skill level 3 in Maces & Flails
   656 | D:1      | Reached ** piety under Trog
   656 | D:1      | Reached XP level 3. HP: 29/29 MP: 3/3
   936 | D:2      | Found a radiant altar of Vehumet.
   996 | D:2      | Found a faded altar of an unknown god.
  1320 | D:3      | Noticed a centaur
  1326 | D:3      | Killed a centaur
  1326 | D:3      | Gained mutation: You are partially covered in sharp spines.
                  | [demonic ancestry]
  1326 | D:3      | Reached XP level 4. HP: 33/35 MP: 4/4
  1331 | D:3      | Gained mutation: You are partially covered in icy blue
                  | scales. (AC +2) [demonic ancestry]
  1331 | D:3      | Reached XP level 5. HP: 35/41 MP: 5/5
  1365 | D:3      | Reached skill level 4 in Maces & Flails
  1467 | D:3      | Reached skill level 1 in Slings
  1530 | D:3      | Reached *** piety under Trog
  1793 | D:3      | Noticed Sigmund
  1807 | D:3      | Killed Sigmund
  1807 | D:3      | Reached skill level 1 in Short Blades
  1807 | D:3      | Reached skill level 1 in Throwing
  1807 | D:3      | Reached XP level 6. HP: 39/48 MP: 6/6
  1923 | D:3      | Found a runed translucent door.
  1924 | D:3      | Noticed Crazy Yiuf
  1934 | D:3      | Killed Crazy Yiuf
  2231 | D:4      | Noticed Dowan
  2246 | D:4      | Killed Dowan
  2253 | D:4      | Noticed Duvessa
  2261 | D:4      | Slain by Duvessa

Levels and vault maps discovered:
D:1:      dpeg_arrival_rooms_b, layout_basic
D:2:      layout_rooms, marbit_many_paths, chequers_ecumenical_altar_lobes,
          first_ration
D:3:      layout_loops_cross, uniq_sigmund, uniq_crazy_yiuf_cottage
D:4:      layout_loops_corners, lemuel_doored_altar, uniq_duvessa

Skill      XL: |  1  2  3  4  5  6 |
---------------+-------------------+-----
Maces & Flails | 3 4 |  4.0
Dodging        | 2 |  2.3
Armour         | 2 3 |  3.2
Slings         | 2 3 |  3.1
Short Blades   | 1 |  1.3
Throwing       | 1 |  1.4
Fighting       | |  3.7
Stealth        | |  0.1

Action                   |  1- 3 |  4- 6 || total
-------------------------+-------+-------++-------
Melee: Mace              |    75 |     2 ||    77
       Short sword       |     8 |    29 ||    37
       Flail             |       |    33 ||    33
 Fire: Fustibalus        |    12 |    28 ||    40
Throw: Stone             |    12 |       ||    12
       Boomerang         |     5 |    15 ||    20
Invok: Berserk           |     1 |     2 ||     3
  Use: Scroll            |     6 |     2 ||     8
       Potion            |       |     1 ||     1
  Eat: Chunk             |     2 |     5 ||     7
Armor: Ring mail         |    47 |    16 ||    63
       Animal skin       |     3 |       ||     3
Dodge: Dodged            |    65 |    20 ||    85
